 Dungeon Sprint DCSS version bcrawl-1.14.2-1-gc900083943 (webtiles) character file.

Game seed: 2781554475130710113

3 MordorOrchid the Magician (level 1, -2/12 HPs)
             Began as a Skeleton Fire Elementalist on Sept 22, 2019.
             Slain by a hobgoblin
             ... wielding a +0 club
              (3 damage)
             ... in the Dungeon (Sprint IX: "|||||||||||||||||||||||||||||").
             The game lasted 00:00:18 (22 turns).

MordorOrchid the Magician (SkFE)                      Turns: 22, Time: 00:00:18

Health: -2/12      AC:  2    Str: 13 (14) XL:     1   Next: 41%
Magic:  0/5        EV: 12    Int: 13      God:
Gold:   0          SH:  0    Dex:  8 (9)  Spells: 7/8 levels left

rFire    . . .     SeeInvis .   (no weapon)
rCold    + . .     Gourm    .   (no shield)
rNeg     + + +     Faith    .   a - +0 robe
rPois    ∞         Spirit   +   (no helmet)
rElec    .         Reflect  .   (no cloak)
rCorr    .         Harm     .   (no gloves)
MR       .....     NoTele   +   (no boots)
Stlth    ++........             (no amulet)
HPRegen  0.04/turn              (no ring)
MPRegen  0.09/turn              (no ring)

@: no status effects
A: no food or potions, cold resistance 1, deterioration 1, negative energy
resistance 3, torment resistance, unbreathing, magic shield, sturdy frame 1,
spell healing
a: no special abilities


You were in the Dungeon.
You were not hungry.

You visited 1 branch

Inventory:

Armour
 a - a +0 robe (worn)
Scrolls
 c - a scroll of blinking


   Skills:
 * Level 1.5 Fighting
 - Level 2.0 Dodging
 - Level 2.4 Stealth
 * Level 4.3 Spellcasting
 - Level 1.2 Conjurations
 - Level 3.0 Fire Magic


You had 7 spell levels left.
You knew the following spells:

 Your Spells              Type           Power        Failure   Level  Hunger
a - Flame Tongue          Conj/Fire      #....        9%          1    N/A

Your spell library contained the following spells:

 Spells                   Type           Power        Failure   Level  Hunger
 Flaming Arrows           Chrm/Fire      #.......     17%         2    N/A
 Conjure Flame            Conj/Fire      #.......     26%         3    N/A
 Inner Flame              Hex/Fire       N/A          32%         3    N/A
 Sticky Flame             Conj/Fire      #.......     63%         4    N/A
 Fireball                 Conj/Fire      #.........   93%         5    N/A

Dungeon Overview and Level Annotations

Branches:
Dungeon (1/1)

Altars:


Innate Abilities, Weirdness & Mutations

You do not eat or drink.
You are immune to poison.
Your flesh is cold resistant. (rC+)
Your body sometimes deteriorates upon taking damage.
You are immune to negative energy. (rN+++)
You are immune to unholy pain and torment.
You can survive without breathing.
When hurt, damage is shared between your health and your magic reserves.
Your movements are slightly less encumbered by armour. (ER -2)
Casting spells heals you.


Message History

The rat is moderately wounded.
The rat bites you but does no damage.
You hit the rat.
You kill the rat!
Casting: Flame Tongue (safe; 9% risk of failure)
Confirm with . or Enter, or press ? or * to list all spells.
Aiming: Flame Tongue (safe; 9% risk of failure)
Press: ? - help, Shift-Dir - straight line, f - hobgoblin
Aim: a hobgoblin, wielding a +0 club The flame tongue misses the hobgoblin.
The flame tongue hits the hobgoblin.
The hobgoblin is moderately wounded.
The hobgoblin hits you with a +0 club.
Your body deteriorates!
You feel clumsy.
There is a staircase leading out of the dungeon here.
You hit the hobgoblin but do no damage. The hobgoblin hits you with a +0 club.
Your body deteriorates!
You feel weakened.
You closely miss the hobgoblin. The hobgoblin hits you with a +0 club.
* * * LOW HITPOINT WARNING * * *
You closely miss the hobgoblin. The hobgoblin hits you with a +0 club.
You die...

▓.▓
▓.▓
▓.▓
▓.▓
▓†▓
▓.▓
▓g▓
▓g▓
▓@▓
▓▓▓


You could see 2 hobgoblins.

Vanquished Creatures
  A leopard gecko (D)
  A ball python (D)
  A rat (D)
3 creatures vanquished.

Notes
Turn   | Place    | Note
-------+----------+-------------------------------------------
     0 | D        | MordorOrchid the Skeleton Fire Elementalist began the quest
                  | for the Orb.
     0 | D        | Reached XP level 1. HP: 10/10 MP: 4/4
     6 | D        | Reached skill level 1 in Fighting
     6 | D        | Reached skill level 4 in Spellcasting
    22 | D        | Slain by a hobgoblin

Skill      XL: |  1 |
---------------+----+-----
Fighting       | 1 |  1.5
Spellcasting   | 4 |  4.3
Dodging        | |  2.0
Stealth        | |  2.4
Conjurations   | |  1.2
Fire Magic     | |  3.0

Action                   || total
-------------------------++-------
Melee: Unarmed           ||    12
 Cast: Flame Tongue      ||     4
Armor: Robe              ||     2
Dodge: Dodged            ||     5
